 Dungeon Crawl Stone Soup version 0.18-a0-1800-gdc7a371 (webtiles) character file.

730 M4edhros the Covert (level 7, 0/51 HPs)
             Began as an Octopode Artificer on Apr 24, 2016.
             Succumbed to an orc wizard's poison
             ... on level 5 of the Dungeon.
             The game lasted 00:07:28 (4679 turns).

M4edhros the Covert (Octopode Artificer)            Turns: 4679, Time: 00:07:29

Health: 0/51       AC: 28    Str:  8 (11) XL:     7   Next: 73%
Magic:  9/9        EV:  2    Int: 12 (14) God:
Gold:   198        SH:  0    Dex: 14      Spells: 0 memorised, 6 levels left

rFire  . . .     SeeInvis .     i - +3 rapier (protect)
rCold  . . .     Gourm    .     (no shield)
rNeg   + + +     Faith    .     (helmet currently unavailable)
rPois  +         Spirit   .     (no amulet)
rElec  .         Dismiss  .     v - +3 ring of evasion
rCorr  .         Reflect  .     w - ring of protection from magic
SustAt .         Harm     .     (no ring)
MR     +....     NoTele   +     (no ring)
Stlth  ++++++....               (no ring)
                                (no ring)
                                (no ring)
                                (no ring)

@: lethally poisoned (0 -> -5), tree-form, somewhat resistant to hostile
enchantments, very stealthy
A: almost no armour, (amphibious), 8 rings, (constrict 8), (molten scales 0),
(camouflage 0), frail 2, (gelatinous body 0)
a: no special abilities


You were on level 5 of the Dungeon.
You were not hungry.
You were a tree.
You visited 1 branch of the dungeon, and saw 5 of its levels.

You collected 198 gold pieces.

Inventory:

Hand Weapons
 a - a +0 short sword
 i - a +3 rapier of protection (weapon)
 p - a +1 hunting sling of flaming
 r - a +3 hunting sling of freezing
Missiles
 g - 40 sling bullets
 s - 204 stones (quivered)
Jewellery
 v - a +3 ring of evasion (left branch)
 w - a ring of protection from magic (right branch)
Wands
 b - a wand of flame (11/48)
 c - a wand of enslavement (10/24)
 d - a wand of random effects (14/48)
 y - a wand of lightning (4/15)
Scrolls
 e - a scroll of remove curse
 j - a scroll of magic mapping {unknown}
 l - a scroll of enchant armour
 n - a scroll of recharging
 o - 2 scrolls of fear
 t - a scroll of immolation {unknown}
 u - a scroll of teleportation {unknown}
 x - a scroll of identify
Potions
 q - a potion of flight
Comestibles
 f - 4 bread rations
 m - a slice of pizza


   Skills:
 - Level 1.0 Fighting
 - Level 1.0 Short Blades
 * Level 5.8 Slings
 - Level 2.0 Dodging
 + Level 8.2 Stealth
 - Level 3.2 Evocations


You had 6 spell levels left.
You didn't know any spells.

Dungeon Overview and Level Annotations

Branches:
Dungeon (5/15)
 Temple: D:4-7

Altars:
Kikubaaqudgha
Nemelex Xobeh
Sif Muna
Zin

Shops:
D:4 :

Annotations:
D:4 graki42's ghost, novice HaAs


Innate Abilities, Weirdness & Mutations

You cannot wear most types of armour.
((You are amphibious.))
You can wear up to eight rings at the same time.
((You can use your tentacles to constrict eight enemies at once.))
((Your skin changes colour to match your surroundings (Stealth).))
((Your rubbery body absorbs attacks (AC +1).))
((You are partially covered in molten scales (AC +1).))
You are very frail (-20% HP).


Message History

Your orc wizard closely misses the orc.
Your orc wizard hits the orc with a dagger of venom.
The orc looks even sicker.
Your orc wizard hits the orc with a dagger.
The orc dies!
Mmm - a full handful of dates!
Unknown command.
Eat which item? (? for menu, Esc to quit)
Mmm - a full handful of dates!
Unknown command.
Unknown command.
Unknown command.
Eat which item? (? for menu, Esc to quit)
* * * LOW HITPOINT WARNING * * *
You feel sick.
That choko was very bland.
Unknown command.
Unknown command.
Eat which item? (? for menu, Esc to quit)
You die...

######### #. #..)....# #.###
###.o5....# ...# #..(ooo...#
###.#####...#######
......#....####
...........[.o#######
.......#....5.)o♣...## #####
.......$......)####..####..<##...
######..######## ##.............
# ##)# ####.......... #.###
##.......... #.÷.#
######........... #
###.#######......#......... .#
#..........#######...##... ..
###......##### ##### ###


You could see 2 friendly orc wizards and a friendly crimson imp (wandering).

Vanquished Creatures
  Menkaure (D:4)
  Duvessa (D:4)
  Dowan (D:4)
  A crimson imp (D:5)
  An orc priest (D:5)
  A giant frog zombie (D:5)
  A giant frog skeleton (D:4)
  4 worker ants
  5 gnolls
  7 adders
  A shadow imp (D:3)
  2 worms (D:2)
  6 dart slugs
  A giant gecko (D:1)
  An orc (D:4)
  2 giant cockroaches (D:1)
  7 hobgoblins
  22 jackals
  11 kobolds
  3 quokkas
  7 bats
  A giant gecko skeleton (D:5)
  6 giant newts
  6 goblins
  A jackal skeleton (D:5)
  7 rats
107 creatures vanquished.

Vanquished Creatures (collateral kills)
  2 orcs (D:5)
  A giant newt (D:2)
3 creatures vanquished.

Vanquished Creatures (others)
  A gnoll (D:4)
1 creature vanquished.

Grand Total: 111 creatures vanquished

Notes
Turn   | Place    | Note
--------------------------------------------------------------
     0 | D:1      | M4edhros the Octopode Artificer began the quest for the Orb.
     0 | D:1      | Reached XP level 1. HP: 13/13 MP: 3/3
    34 | D:1      | Reached skill level 2 in Stealth
    87 | D:1      | Reached XP level 2. HP: 8/18 MP: 4/4
    89 | D:1      | Reached skill level 3 in Stealth
   611 | D:1      | Reached skill level 4 in Stealth
   621 | D:1      | Reached XP level 3. HP: 23/23 MP: 5/5
  1315 | D:2      | Reached skill level 5 in Stealth
  1357 | D:2      | Reached XP level 4. HP: 14/28 MP: 6/6
  2115 | D:2      | Reached skill level 1 in Slings
  2381 | D:2      | Found a deep blue altar of Sif Muna.
  2600 | D:3      | Found a sparkling altar of Nemelex Xobeh.
  2649 | D:3      | Reached XP level 5. HP: 33/33 MP: 7/7
  2727 | D:3      | Reached skill level 6 in Stealth
  2842 | D:4      | Gained mutation: You are frail (-10% HP). [potion of mutation]
  2842 | D:4      | Gained mutation: You are partially covered in molten scales (AC +1). [potion of mutation]
  2842 | D:4      | Gained mutation: You are very frail (-20% HP). [potion of mutation]
  2978 | D:4      | Noticed graki42's ghost (novice HaAs)
  3350 | D:4      | Found an ancient bone altar of Kikubaaqudgha.
  3353 | D:4      | Noticed Menkaure
  3360 | D:4      | Killed Menkaure
  3360 | D:4      | Reached XP level 6. HP: 30/30 MP: 8/8
  3390 | D:4      | Reached skill level 7 in Stealth
  3429 | D:5      | Entered Level 5 of the Dungeon
  3487 | D:5      | Reached XP level 7. HP: 31/34 MP: 9/9
  3495 | D:4      | Noticed Dowan
  3503 | D:4      | Noticed Duvessa
  3886 | D:3      | Found a glowing silver altar of Zin.
  4131 | D:4      | Found Zacias's Book Shoppe.
  4289 | D:4      | Reached skill level 5 in Slings
  4400 | D:4      | Killed Duvessa
  4406 | D:4      | Killed Dowan
  4406 | D:4      | Reached skill level 8 in Stealth
  4675 | D:5      | HP: 2/51 [poisoned by an orc wizard]
  4679 | D:5      | Succumbed to an orc wizard's poison

Vault maps used:
D:1:      onia_arrival_pyramid, hangedman_decor_peaks_small
D:2:      lemuel_blue_sif_altar
D:3:      overflow_temple_1_default, lemuel_round_altar, serial_glass,
          glass_columns_a, glass_columns_b, glass_columns_b, glass_columns_a,
          glass_columns_a, glass_columns_c, glass_columns_b, glass_columns_c,
          glass_columns_b, glass_columns_b, minmay_strange_pillars
D:4:      kiku_gazebo_pond_becter, first_bread, serial_shops, shop,
          uniq_menkaure, uniq_duvessa

Skill      XL: |  1  2  3  4  5  6  7 |
---------------+----------------------+-----
Stealth        | 2 4 5 6 7 8 |  8.2
Slings         | 1 3 4 5 |  5.8
Fighting       | |  1.0
Short Blades   | |  1.0
Dodging        | |  2.0
Evocations     | |  3.2

Action                   |  1- 3 |  4- 6 |  7- 9 || total
-------------------------+-------+-------+-------++-------
Melee: Short sword       |    66 |    18 |       ||    84
       Constrict         |    22 |     5 |     3 ||    30
       Tentacles         |    14 |     3 |     1 ||    18
       Rapier            |       |       |     5 ||     5
       Hunting sling     |       |       |     1 ||     1
 Fire: Hunting sling     |       |   115 |    75 ||   190
Evoke: Wand              |       |     7 |     3 ||    10
  Use: Scroll            |       |     7 |       ||     7
       Potion            |       |     5 |     5 ||    10
 Stab: Sleeping          |     7 |       |     1 ||     8
  Eat: Meat ration       |       |     1 |     1 ||     2
       Chunk             |       |     1 |       ||     1
       Fruit             |       |       |     4 ||     4
Armor: Skin              |     3 |     6 |     8 ||    17
Dodge: Dodged            |    41 |    21 |    20 ||    82
